 Dungeon Crawl Stone Soup version 0.27-a0-1193-g8631133539 (webtiles) character file.

Game seed: 4185544813891583175

54 Froggeryz the Chopper (level 3, -9/29 HPs)
             Began as a Demigod Wanderer on May 25, 2021.
             Mangled by a gnoll
             ... wielding a +0 halberd
              (13 damage)
             ... on level 2 of the Dungeon.
             The game lasted 00:01:46 (2079 turns).

Froggeryz the Chopper (Demigod Wanderer)            Turns: 2079, Time: 00:01:46

Health: -9/29      AC:  3    Str: 15    XL:     3   Next: 44%
Magic:  5/5        EV: 15    Int: 15    God:
Gold:   56         SH:  0    Dex: 14    Spells: 2/2 levels left

rFire    . . .     SeeInvis .   a - +0 hand axe
rCold    . . .     Faith    .   (no shield)
rNeg     . . .     Spirit   .   g - +0 leather armour
rPois    .         Reflect  .   (no helmet)
rElec    .         Harm     .   (no cloak)
rCorr    .         Rampage  .   (no gloves)
Will     .....                  (no boots)
Stlth    +.........             (no amulet)
HPRegen  0.09/turn              e - +4 ring of evasion
MPRegen  0.09/turn              (no ring)

@: no status effects
A: high mp 1, forlorn
a: no special abilities


You were on level 2 of the Dungeon.
You visited 1 branch of the dungeon, and saw 2 of its levels.

You collected 56 gold pieces.

Inventory:

Hand Weapons
 a - a +0 hand axe (weapon)
Armour
 g - a +0 leather armour (worn)
Jewellery
 e - a +4 ring of evasion (left hand)
Wands
 c - a wand of charming (11) (quivered)
Scrolls
 d - a scroll of identify {unknown}
 f - a scroll of blinking {unknown}
 h - a scroll of vulnerability {unknown}
Potions
 b - a potion of curing {unknown}


   Skills:
 + Level 2.0 Fighting
 * Level 3.2 Axes
 - Level 1.7 Armour
 - Level 1.0 Shields
 - Level 1.7 Air Magic
 - Level 1.0 Earth Magic
 - Level 1.0 Evocations


You had 2 spell levels left.
You didn't know any spells.
Your spell library contained the following spells:

 Spells                   Type           Power      Damage    Failure   Level
 Corpse Rot               Necr/Air       N/A        N/A       34%         2
 Sublimation of Blood     Necr           0%         N/A       45%         2


Dungeon Overview and Level Annotations

Branches:
Dungeon (2/15)


Innate Abilities, Weirdness & Mutations

Your attributes grow dramatically as you level up.
You have an increased reservoir of magic. (+10% MP)
You shall have no god before yourself.


Message History

The gnoll dies!
What are your orders? t - Shout!
Orders for allies: a - Attack new target. r - Retreat! s - Stop attacking. g - Guard the area. f - Follow me.
Anything else - Cancel.
Gang up on whom?
Press: ? - help, Dir - move target, f - gnoll
Aim: a gnoll, wielding a +0 spear Attack!
Your gnoll hits the gnoll with a +0 halberd!
The gnoll misses you.
Your gnoll hits the gnoll with a +0 halberd!
The gnoll dies!
You swap places.
You see here a +0 spear.
A gnoll comes into view. It is wielding a +0 flail.
The gnoll shouts!
Things that are here:
a +0 club; a gnoll corpse You swap places.
The gnoll closely misses you.
Things that are here:
a +0 club; a gnoll corpse The gnoll barely misses you.
You hit the gnoll.
The gnoll is moderately wounded.
Your gnoll hits the gnoll with a +0 halberd!
The gnoll dies!
Your gnoll looks more experienced.
Your Fighting skill increases to level 2!
You start waiting.
The gnoll is no longer charmed.
The gnoll hits you with a +0 halberd.
You barely miss the gnoll. The gnoll hits you with a +0 halberd!
You barely miss the gnoll. The gnoll hits you with a +0 halberd!
* * * LOW HITPOINT WARNING * * *
You hit the gnoll.
The gnoll is lightly wounded.
The gnoll hits you with a +0 halberd!
You die...

.# #.......# #...#
#.......# ####...
#.......#
..#...######.......#
##.#.. #............#
..... #.####.......#
#.#.# #.# #.......##
#g#)###.#............
##.#g@).<#.###########
#..#####.# #..#.....#
#.##.##### #.##.#
#.##.# #.##.# #.##.#
#.##.#


You could see a gnoll.

Vanquished Creatures
  2 ball pythons
  A bat (D:2)
  4 endoplasms
  6 goblins
  3 hobgoblins (D:1)
  5 jackals (D:2)
  A quokka (D:2)
  2 frilled lizards
  4 kobolds
  2 rats
30 creatures vanquished.

Vanquished Creatures (collateral kills)
  3 gnolls (D:2)
  A hobgoblin (D:1)
4 creatures vanquished.

Grand Total: 34 creatures vanquished

Notes
Turn   | Place    | Note
-------+----------+-------------------------------------------
     0 | D:1      | Froggeryz the Demigod Wanderer began the quest for the Orb.
     0 | D:1      | Froggeryz set off with the following items: a +0 hand axe,
                  | a wand of charming (15), a +0 robe; and the following
                  | spells available to memorise: Corpse Rot, Sublimation of
                  | Blood
     0 | D:1      | Reached XP level 1. HP: 16/16 MP: 3/3
   145 | D:1      | Reached skill level 2 in Axes
   471 | D:1      | Reached XP level 2. HP: 21/23 MP: 4/4
  1644 | D:2      | Reached XP level 3. HP: 29/29 MP: 5/5
  1853 | D:2      | Reached skill level 3 in Axes
  2079 | D:2      | Mangled by a gnoll

Illustrated notes

Levels and vault maps discovered:
D:1:      roderic_crop_circles_arrival_small, layout_basic
D:2:      minmay_evil_eye, layout_basic,
          shapermc_ecumenical_altar_mp_ritualfount, basic_altar,
          minmay_fountain_box

Skill      XL: |  1  2  3 |
---------------+----------+-----
Axes           | 2 3 |  3.2
Fighting       | 2 |  2.0
Armour         | |  1.7
Shields        | |  1.0
Air Magic      | |  1.7
Earth Magic    | |  1.0
Evocations     | |  1.0

Action                   || total
-------------------------++-------
Melee: Hand axe          ||    79
Evoke: Wand              ||     4
Armor: Robe              ||     7
       Leather armour    ||     6
Dodge: Dodged            ||    66

Table legend: (Time is in decaauts)
 A = Elapsed time spent in this place.
 B = Non-inter-level travel time spent in this place.
 C = Inter-level travel time spent in this place.
 D = Time resting spent in this place.
 E = Time spent auto-exploring this place.
 F = Levels seen in this place.
 G = Mean time per level.
                   A        B        C        D        E       F      G
               +--------+--------+--------+--------+--------+-----+--------+
         Total |   2093 |   1992 |    101 |    514 |   1203 |   2 | 1046.5 |
       Dungeon |   2093 |   1992 |    101 |    514 |   1203 |   2 | 1046.5 |
               +--------+--------+--------+--------+--------+-----+--------+

Top non-repeatable levels by time:
     D:1: 1390 daAuts
     D:2: 703 daAuts
